AoeStats
← Ares

Arabia

510711105Analyzed
1v1 RM · 19h ago on Oct 2, 2026· 48m 43s· 2 players
Game mode
Random Map
Map size
Tiny (2 player)
Population
200
Speed
Normal
Resources
Standard
Victory
Conquest
Starting age
Dark Age
Ending age
Imperial Age
RankedLock teamsTeams togetherTeam positionsShared explorationLock speedFull tech treeHidden civsTurbo modeCheats
Victory
Defeat
🇬🇧 Slavs · United Kingdom
1099
+18
🇬🇧 Varangians · United Kingdom
1146
-18
MarXthedruid
7:42 Loom
9:55 Feudal Age
12:20 Man-at-Arms
17:04 Double-Bit Axe
19:02 Forging
19:28 Scale Mail Armor
19:16 Horse Collar
26:06 Castle Age
24:08 Fletching
24:53 Scale Barding Armor
27:39 Bloodlines
30:50 Gold Mining
31:59 Wheelbarrow
31:51 Bow Saw
33:23 Iron Casting
33:39 Heavy Plow
34:53 Town Watch
37:14 Chain Barding Armor
39:43 Husbandry
43:15 Imperial Age
44:45 Conscription
45:02 Plate Barding Armor
45:27 Blast Furnace
46:21 Hand Cart
46:05 Murder Holes
47:10 Chemistry
48:52 Two-Man Saw
Ares
3:19 Loom
9:58 Feudal Age
11:28 Double-Bit Axe
11:14 Man-at-Arms
14:20 Scale Mail Armor
20:29 Arson
23:56 Horse Collar
29:25 Castle Age
28:26 Forging
28:22 Scale Barding Armor
29:02 Bloodlines
30:40 Wheelbarrow
30:15 Husbandry
33:31 Squires
35:32 Gambesons
37:34 Iron Casting
38:51 Gold Mining
40:31 Stone Mining
41:13 Pikeman
45:09 Chain Mail Armor
Connection lost

Rejoining the realm…

Still unreachable

The connection could not be restored.

Session expired

The server has moved on; the page needs a fresh start.